 Dungeon Crawl Stone Soup version 0.21-a0-151-ga4fe563 (webtiles) character file.

3450 Deeps the Cleaver (level 9, -8/89 HPs)
             Began as a Minotaur Fighter on July 30, 2017.
             Was a Priest of Okawaru.
             Mangled by a two-headed ogre
             ... wielding a +0 giant club
              (14 damage)
             ... on level 8 of the Dungeon.
             The game lasted 00:29:01 (8466 turns).

Deeps the Cleaver (Minotaur Fighter)                Turns: 8466, Time: 00:29:02

Health: -8/89      AC:  9    Str: 26    XL:     9   Next: 78%
Magic:  7/7        EV:  9    Int:  5    God:    Okawaru [***...]
Gold:   135        SH: 10    Dex: 10    Spells: 8/8 levels left

rFire    . . .     SeeInvis .   a - +0 war axe
rCold    . . .     Gourm    .   c - +0 shield
rNeg     . . .     Faith    .   F - +0 ring mail {MR+}
rPois    +         Spirit   .   (helmet restricted)
rElec    .         Reflect  .   v - +0 cloak {MR+}
rCorr    .         Harm     .   (no gloves)
MR       ++...                  k - +0 pair of boots
Stlth    +.........             (no amulet)
HPRegen  0.24/turn              m - ring of poison resistance
MPRegen  0.10/turn              (no ring)

@: no status effects
A: retaliatory headbutt, horns 2, low mp 1, robust 1, strong 1
a: Heroism, Renounce Religion


You were on level 8 of the Dungeon.
You worshipped Okawaru.
Okawaru was most pleased with you.
You were not hungry.

You visited 2 branches of the dungeon, and saw 9 of its levels.

You collected 285 gold pieces.
You spent 150 gold pieces at shops.

Inventory:

Hand Weapons
 a - a +0 war axe (weapon)
Armour
 b - a +0 scale mail
 c - a +0 shield (worn)
 k - a +0 pair of boots (worn)
 v - a +0 cloak of magic resistance (worn)
 x - a scarf of repulsion
 F - a +0 ring mail of magic resistance (worn)
Jewellery
 m - a ring of poison resistance (left hand)
Wands
 B - a wand of flame (18/48)
 D - a wand of acid (8/15)
Scrolls
 e - 8 scrolls of identify
 i - a scroll of enchant armour
 j - a scroll of magic mapping {unknown}
 l - a scroll of amnesia {unknown}
 n - 2 scrolls of fog {unknown}
 o - 2 scrolls of random uselessness {unknown}
 p - 4 scrolls of teleportation {unknown}
 r - 2 scrolls of remove curse
 s - a scroll of blinking
 u - a scroll of noise {unknown}
 w - a scroll of fear {unknown}
 y - a scroll of immolation {unknown}
Potions
 d - a potion of might
 E - a potion of cancellation
Comestibles
 f - 4 bread rations
 h - a meat ration
 z - 3 royal jellies


   Skills:
 + Level 8.2 Fighting
 * Level 12.2 Axes
 + Level 7.9 Armour
 - Level 2.1 Dodging
 - Level 0.6 Stealth
 - Level 5.4 Shields


You had 8 spell levels left.
You didn't know any spells.

Dungeon Overview and Level Annotations

Branches:
Dungeon (8/15)             Temple (1/1) D:4
   Lair: D:8-11

Altars:
Ashenzari
Cheibriados
Dithmenos
Elyvilon
Fedhas
Gozag
Hepliaklqana
Kikubaaqudgha
Makhleb
Nemelex Xobeh
Okawaru
Qazlal
Ru
Sif Muna
Trog
Uskayaw
Vehumet
Wu Jian
Xom
Yredelemnul
Zin
The Shining One

Shops:
D:4 !   D:8 !

Annotations:
D:8 Maurice


Innate Abilities, Weirdness & Mutations

You reflexively headbutt those who attack you in melee.
You have a pair of horns on your head.
Your magical capacity is low. (-10% MP)
You are robust. (+10% HP)
Your muscles are strong. (Str +2)


Message History

The two-headed ogre completely misses you.
The two-headed ogre hits you with a giant club.
* * * LOW HITPOINT WARNING * * *
Your shield prevents you from hitting the two-headed ogre.
The two-headed ogre is severely wounded.
The two-headed ogre barely misses you. x2
You slash the two-headed ogre!
Your headbutt misses the two-headed ogre.
The two-headed ogre is almost dead.
You completely miss the two-headed ogre.
The two-headed ogre is almost dead.
The two-headed ogre hits you with a giant club.
* * * LOW HITPOINT WARNING * * *
The two-headed ogre barely misses you.
You hit the two-headed ogre but do no damage.
The two-headed ogre is almost dead.
The two-headed ogre hits you with a giant club!
* * * LOW HITPOINT WARNING * * *
The two-headed ogre hits you with a giant club!
You die...

#... #.(# #..# #..#
# #..# #.# #. #..#
#.# #.##.O#
#.####### #...@##
####........
#.##...##
...........
##.....##
#.........
#.......####...#..#
#......<..[.......#
#.......####.∩....#
##.....##
#.##..#... ##...##
#.##..##.. #.....
#.##..# ##


You could see a two-headed ogre.

Vanquished Creatures
  The ghost of shmup the Grappler, a novice TrMo of Cheibriados (D:8)
  Grinder (D:3)
  A hippogriff (D:3)
  An orc warrior (D:7)
  2 sky beasts
  3 ice beasts
  2 ogres
  2 centaurs
  5 bullfrogs (D:6)
  A gnoll sergeant (D:7)
  A howler monkey (D:5)
  4 crimson imps
  3 bullfrog zombies
  4 orc priests (D:7)
  2 bullfrog skeletons
  4 hounds
  A centaur skeleton (D:4)
  Crazy Yiuf (D:3)
  3 iguanas
  An orc wizard (D:5)
  6 worker ants
  A hound zombie (D:7)
  2 worker ant zombies
  5 gnolls (D:7)
  13 adders
  2 shadow imps
  3 oozes
  3 worms (D:2)
  A dart slug (D:2)
  7 leopard geckos
  21 orcs
  11 bats
  6 giant cockroaches
  12 goblins
  11 hobgoblins
  6 jackals
  9 kobolds
  A quokka (D:4)
  A ball python (D:1)
  4 frilled lizards
  8 rats
176 creatures vanquished.

Notes
Turn   | Place    | Note
-------+----------+-------------------------------------------
     0 | D:1      | Deeps the Minotaur Fighter began the quest for the Orb.
     0 | D:1      | Reached XP level 1. HP: 19/19 MP: 0/0
   114 | D:1      | Reached XP level 2. HP: 20/27 MP: 1/1
   886 | D:1      | Reached XP level 3. HP: 33/33 MP: 2/2
  1267 | D:2      | Reached skill level 3 in Axes
  1302 | D:2      | Found a deep blue altar of Sif Muna.
  1394 | D:2      | Found a burning altar of Makhleb.
  1446 | D:2      | Reached XP level 4. HP: 23/41 MP: 3/3
  2093 | D:3      | Reached skill level 4 in Axes
  2141 | D:3      | Noticed a hippogriff
  2154 | D:3      | Killed a hippogriff
  2154 | D:3      | Reached skill level 5 in Axes
  2154 | D:3      | Reached skill level 1 in Dodging
  2154 | D:3      | Reached XP level 5. HP: 7/47 MP: 4/4
  2154 | D:3      | Reached XP level 6. HP: 8/55 MP: 5/5
  2570 | D:3      | Found a runed door.
  2574 | D:3      | Noticed Crazy Yiuf
  2582 | D:3      | Killed Crazy Yiuf
  2582 | D:3      | Reached skill level 5 in Fighting
  2608 | D:3      | Noticed Grinder
  2621 | D:3      | Killed Grinder
  2621 | D:3      | Reached skill level 6 in Axes
  2621 | D:3      | Reached skill level 5 in Armour
  2621 | D:3      | Reached XP level 7. HP: 22/61 MP: 6/6
  3079 | D:4      | Found Decim's Distillery.
  3082 | D:4      | Bought a potion of curing for 30 gold pieces
  3082 | D:4      | Bought a potion of might for 40 gold pieces
  3082 | D:4      | Bought a potion of curing for 30 gold pieces
  3114 | D:4      | Reached skill level 5 in Shields
  3206 | D:4      | Found a staircase to the Ecumenical Temple.
  3212 | Temple   | Entered the Ecumenical Temple
  3295 | Temple   | Became a worshipper of Warmaster Okawaru
  3533 | D:4      | Found a burning altar of Makhleb.
  3533 | D:4      | Noticed an Executioner
  3536 | D:4      | Noticed a hellwing
  3536 | D:4      | Noticed a smoke demon
  4050 | D:5      | Entered Level 5 of the Dungeon
  4073 | D:5      | Reached skill level 7 in Axes
  4097 | D:4      | HP: 3/63 [sky beast (5)]
  4107 | D:4      | Gained mutation: Your muscles are strong. (Str +2) [mutagenic meat]
  4108 | D:4      | Gained mutation: Your magical capacity is low. (-10% MP) [mutagenic meat]
  4109 | D:4      | Gained mutation: Your mind is acute. (Int +2) [mutagenic meat]
  4110 | D:4      | Gained mutation: You are robust. (+10% HP) [mutagenic meat]
  4111 | D:4      | Lost mutation: Your mind is acute. (Int +2) [mutagenic meat]
  4500 | D:5      | You fall through a shaft!
  4513 | D:6      | Reached * piety under Okawaru
  4513 | D:6      | Reached XP level 8. HP: 78/78 MP: 6/6
  4626 | D:6      | Found a snail-covered altar of Cheibriados.
  4826 | D:6      | Upgraded the game from 0.21-a0-150-gc243083 to 0.21-a0-151-ga4fe563
  4856 | D:6      | Reached skill level 8 in Axes
  5337 | D:5      | Reached ** piety under Okawaru
  5337 | D:5      | Reached skill level 9 in Axes
  6371 | D:6      | Reached XP level 9. HP: 86/86 MP: 7/7
  6556 | D:7      | Reached skill level 10 in Axes
  6623 | D:7      | Found a basalt altar of Yredelemnul.
  7084 | D:7      | Found an ornate altar of the Wu Jian Council.
  7127 | D:7      | Reached skill level 11 in Axes
  7223 | D:7      | Found a shimmering altar of Xom.
  7345 | D:8      | Found Kuirghy's Distillery.
  7359 | D:8      | Bought a potion of heal wounds for 50 gold pieces
  7387 | D:8      | Noticed Maurice
  7389 | D:8      | Noticed shmup's ghost (novice TrMo)
  7448 | D:8      | Reached *** piety under Okawaru
  7836 | D:8      | HP: 4/89 [shmup's ghost (11)]
  8278 | D:8      | Killed shmup's ghost
  8278 | D:8      | Reached skill level 12 in Axes
  8453 | D:8      | Noticed a two-headed ogre
  8466 | D:8      | Mangled by a two-headed ogre

Vault maps used:
D:1:      saegor_arrival_simple_e, roderic_roman_lattice, minmay_octomino_e4
D:2:      lemuel_crystal_altar, lemuel_blue_sif_altar
D:3:      first_bread, st_stairs_12, uniq_crazy_yiuf_cottage, uniq_grinder
D:4:      minmay_temple_entry_fiery, serial_shops, kennysheep_mini,
          st_stairs_13, makhleb_altar_promises_db
D:6:      cheibriados_altar_1, minmay_crossroads
D:7:      kennysheep_mini_moat, grunt_temple_overflow_open
D:8:      serial_shops, shop, uniq_maurice
Temple:   eino_temple_rhombus

Skill      XL: |  1  2  3  4  5  6  7  8  9 |
---------------+----------------------------+-----
Fighting       | 4 5 6 7 8 |  8.2
Armour         | 4 5 6 7 |  7.9
Shields        | 4 5 |  5.4
Axes           | 3 5 6 7 9 12 | 12.2
Dodging        | 1 2 |  2.1
Stealth        | |  0.6

Action                   |  1- 3 |  4- 6 |  7- 9 || total
-------------------------+-------+-------+-------++-------
Melee: War axe           |    94 |    90 |   362 ||   546
       Headbutt          |    16 |    14 |    74 ||   104
  Use: Potion            |       |       |    10 ||    10
       Scroll            |       |       |     5 ||     5
  Eat: Chunk             |     2 |     2 |     7 ||    11
       Meat ration       |       |     1 |     1 ||     2
       Fruit             |       |       |     6 ||     6
       Bread ration      |       |       |     1 ||     1
Armor: Scale mail        |    32 |    40 |    78 ||   150
       Ring mail         |       |       |    36 ||    36
Dodge: Dodged            |    30 |    43 |   102 ||   175
Block: Shield            |    47 |    48 |   163 ||   258
